 Dungeon Crawl Stone Soup version 0.30.1-3-gfc49f6343a (webtiles) character file.

Game seed: 13781195418050564959

24068 Wiggles the Executioner (level 12, -1/92 HPs)
             Began as a Minotaur Berserker on July 27, 2023.
             Was the Champion of Trog.
             Slain by a catoblepas (4 damage)
             ... while petrified by a catoblepas
             ... on level 1 of the Lair of Beasts.
             The game lasted 00:24:53 (12316 turns).

Wiggles the Executioner (Minotaur Berserker)       Turns: 12316, Time: 00:24:53

Health: -1/92      AC: 18    Str: 27    XL:     12   Next: 77%
Magic:  11/11      EV:  2    Int:  7    God:    Trog [******]
Gold:   808        SH:  0    Dex: 10    Spells: 11/11 levels left

rFire   + . .        x - +5 war axe "Arbiter" {heavy, Fly rPois rCorr Int-3}
rCold   . . .        z - +5 Storm Queen's Shield {shock, Fly rElec}
rNeg    + + +        C - +1 plate armour {rF+}
rPois   ∞            (helmet restricted)
rElec   +            y - scarf "Kotrier" {repulsion, rElec rPois Will+ SInv}
rCorr   +            d - +2 pair of gloves
SInv    +            b - +2 pair of boots
Will    +....        D - amulet of faith Stlth
                     p - +6 ring of intelligence
HPRegen 0.35/turn    (no ring)
MPRegen 0.12/turn

%: repel missiles, faith
@: petrified, flying
A: horns 2, retaliatory headbutt
a: Renounce Religion, Berserk, Trog's Hand, Brothers in Arms


You were on level 1 of the Lair of Beasts.
You worshipped Trog.
Trog was exalted by your worship.
You visited 2 branches of the dungeon, and saw 13 of its levels.
You also visited: Bailey.

You collected 808 gold pieces.

Inventory:

Hand Weapons
 x - the +5 war axe "Arbiter" (weapon) {heavy, Fly rPois rCorr Int-3}
   (You acquired it on level 10 of the Dungeon)

   Int:       It affects your intelligence (-3).
   rPois:     It protects you from poison.
   Fly:       It grants you flight.
   rCorr:     It protects you from acid and corrosion.
Missiles
 m - 4 silver boomerangs (quivered)
 t - 8 boomerangs
Armour
 b - a +2 pair of boots (worn)
 d - a +2 pair of gloves (worn)
 y - the scarf "Kotrier" (worn) {repulsion, rElec rPois Will+ SInv}
   (You found it in a bailey)

   rElec:     It insulates you from electricity.
   rPois:     It protects you from poison.
   SInv:      It lets you see invisible.
   Will:      It increases your willpower.
 z - the +5 Storm Queen's Shield (worn) {shock, Fly rElec}
   (You found it in a bailey)

   Shock:     When it blocks an attack, it may electrocute the attacker.
   This works even against foes who are a short distance away.
   rElec:     It insulates you from electricity.
   Fly:       It grants you flight.
 C - a +1 plate armour of fire resistance (worn)
Jewellery
 p - a +6 ring of intelligence (left hand)
 D - an amulet of faith (around neck)
 I - a ring of ice
Wands
 A - a wand of flame (16)
 E - a wand of roots (14)
 G - a wand of mindburst (6)
 H - a wand of digging (9)
Scrolls
 a - a scroll of blinking
 e - 4 scrolls of fog
 f - 2 scrolls of magic mapping
 k - 2 scrolls of fear
 q - 8 scrolls of teleportation
 u - 2 scrolls of poison
Potions
 c - 6 potions of haste
 g - 2 potions of curing
 h - a potion of brilliance {unknown}
 i - 3 potions of berserk rage
 j - a potion of invisibility {unknown}
 l - a potion of heal wounds
 n - 5 potions of magic
 o - 5 potions of mutation
 r - 2 potions of flight {unknown}
 s - a potion of ambrosia {unknown}
 v - a potion of attraction {unknown}
 w - 2 potions of lignification {unknown}
 B - 2 potions of might


   Skills:
 - Level 4.5 Fighting
 + Level 23.0 Axes
 - Level 3.0 Armour
 - Level 2.5 Dodging
 - Level 0.2 Stealth
 + Level 9.0 Shields


You had 11 spell levels left.
You didn't know any spells.
Your spell library was empty.

Dungeon Overview and Level Annotations

Branches:
Dungeon (12/15)            Temple (0/1) D:4            Lair (1/5) D:10
    Orc (0/2) D:9          Bailey (visited)

Altars:
Cheibriados
Dithmenos
Elyvilon
Gozag
Makhleb
Okawaru
Vehumet
Wu Jian
Xom
Yredelemnul
The Shining One

Shops:
D:9 !


Innate Abilities, Weirdness & Mutations

You have a pair of horns on your head.
You reflexively headbutt those who attack you in melee.


Message History

You open the catoblepas like a pillowcase!!!
The catoblepas is heavily wounded.
You are engulfed in calcifying dust.
You block the catoblepas's attack.
The catoblepas gores you but does no damage.
You have turned to stone.
You are engulfed in calcifying dust.
The catoblepas gores you but does no damage.
You are engulfed in calcifying dust.
The catoblepas gores you!! x3
The catoblepas breathes a plume of calcifying dust at you.
The blast of calcifying dust hits you but does no damage.
You are engulfed in calcifying dust.
The catoblepas gores you!!
You are engulfed in calcifying dust.
The catoblepas gores you but does no damage.
You are engulfed in calcifying dust.
The catoblepas gores you!!
You turn to flesh and can move again.
You barely miss the catoblepas.
The catoblepas is heavily wounded.
You are engulfed in calcifying dust.
You are slowing down.
The catoblepas snuffles in challenge.
The catoblepas gores you but does no damage.
You slice the catoblepas!!
You headbutt the catoblepas, but do no damage.
The catoblepas is almost dead.
You are engulfed in calcifying dust.
Your limbs have turned to stone.
The catoblepas breathes a plume of calcifying dust at you.
The blast of calcifying dust hits you.
You have turned to stone.
You are engulfed in calcifying dust.
The catoblepas gores you!
* * * LOW HITPOINT WARNING * * *
The catoblepas gores you!
* * * LOW HITPOINT WARNING * * *
The catoblepas gores you!!
* * * LOW HITPOINT WARNING * * *
The catoblepas gores you but does no damage.
The catoblepas snuffles in challenge.
The catoblepas gores you!
* * * LOW HITPOINT WARNING * * *
The catoblepas gores you but does no damage.
The catoblepas gores you!
You die...

######..##
#####.###+
#.## ### #.
#.## #. ##
#..# #^
###.###..##
#.........#
##.........##
#.......>...#
##....@....##
#....Y....#
#.........#
#.........#
#...........
#.........###
#######.###
##


You could see a catoblepas.

Vanquished Creatures
  Fannar (D:12)
  A fire dragon (D:10)
  A catoblepas (Lair:1)
  4 two-headed ogres
  A boulder beetle (D:12)
  An orc knight (D:10)
  2 cyclopes (D:12)
  An oklob plant (Lair:1)
  A manticore (D:12)
  An elephant (D:10)
  A cane toad (Lair:1)
  Maggie (D:8)
  4 gargoyles
  A rime drake (Lair:1)
  2 unseen horrors
  A tengu conjurer (D:10)
  A troll (D:11)
  A hornet (D:10)
  13 slime creatures
  Eustachio (D:5)
  A vampire (Bailey)
  2 shadows
  6 wraiths
  4 wyverns
  5 yaks (Lair:1)
  3 basilisks
  A steam dragon (D:9)
  6 vampire mosquitoes (D:11)
  An acid dragon (D:12)
  A water moccasin (Lair:1)
  3 black bears
  An ice beast (D:6)
  7 orc warriors
  2 ogres
  6 wolves (Lair:1)
  7 centaurs
  5 kobold brigands
  A phantom (D:7)
  6 bullfrogs
  A gnoll sergeant (D:10)
  2 scorpions (D:5)
  20 wights
  15 killer bees (D:9)
  10 wolf zombies (Bailey)
  5 vampire bats (Bailey)
  6 howler monkeys
  An electric eel (Lair:1)
  4 jellies
  11 orc priests
  5 hounds
  Ijyb (D:5)
  A sleepcap (D:8)
  13 orc wizards
  4 adders
  3 shadow imps
  4 white imps
  4 worms
  2 dart slugs
  52 orcs
  9 ball pythons
  3 endoplasms
  6 goblins
  10 hobgoblins
  8 jackals
  26 kobolds
  4 quokkas
  8 bats
  3 frilled lizards
  21 orc zombies (Bailey)
  7 rats
377 creatures vanquished.

Vanquished Creatures (others)
  A quokka (D:8)
1 creature vanquished.

Grand Total: 378 creatures vanquished

Notes
Turn   | Place    | Note
-------+----------+-------------------------------------------
     0 | D:1      | Wiggles the Minotaur Berserker began the quest for the Orb.
     0 | D:1      | Reached XP level 1. HP: 19/19 MP: 0/0
     3 | D:1      | Noticed an electric eel
     4 | D:1      | Noticed an electric eel
   176 | D:1      | Reached XP level 2. HP: 27/27 MP: 1/1
   232 | D:1      | Reached skill level 4 in Axes
   326 | D:1      | Found a faded altar of an unknown god.
   699 | D:2      | Reached ** piety under Trog
   752 | D:2      | Reached XP level 3. HP: 33/33 MP: 2/2
  1545 | D:3      | Reached XP level 4. HP: 41/41 MP: 3/3
  1686 | D:3      | Reached skill level 5 in Axes
  1987 | D:4      | Reached XP level 5. HP: 47/47 MP: 4/4
  1990 | D:4      | Reached skill level 6 in Axes
  2082 | D:4      | Reached *** piety under Trog
  2095 | D:4      | Reached skill level 7 in Axes
  2226 | D:4      | You fall into a shaft and drop 2 floors!
  2236 | D:5      | Entered Level 5 of the Dungeon
  2245 | D:5      | Reached XP level 6. HP: 47/53 MP: 5/5
  2321 | D:5      | Reached skill level 8 in Axes
  2467 | D:4      | Found a basalt altar of Yredelemnul.
  2504 | D:4      | Found a blossoming altar of Fedhas.
  2506 | D:4      | Found an ornate altar of the Wu Jian Council.
  2506 | D:4      | Found an ornate altar of the Wu Jian Council.
  2514 | D:4      | Found a glowing golden altar of the Shining One.
  2514 | D:4      | Found a snail-covered altar of Cheibriados.
  2514 | D:4      | Found a shimmering altar of Xom.
  2663 | D:4      | Found a staircase to the Ecumenical Temple.
  2789 | D:4      | Reached XP level 7. HP: 56/60 MP: 6/6
  2877 | D:4      | Reached skill level 9 in Axes
  2959 | D:4      | Found a radiant altar of Vehumet.
  3184 | D:5      | Reached skill level 10 in Axes
  3235 | D:5      | Noticed Eustachio
  3250 | D:5      | Killed Eustachio
  3609 | D:5      | Reached skill level 11 in Axes
  3609 | D:5      | Reached XP level 8. HP: 67/67 MP: 7/7
  3649 | D:5      | Reached **** piety under Trog
  3798 | D:5      | Noticed Ijyb
  3806 | D:5      | Killed Ijyb
  3864 | D:6      | Reached skill level 12 in Axes
  4027 | D:6      | Reached skill level 13 in Axes
  4104 | D:6      | Found a shadowy altar of Dithmenos.
  4645 | D:7      | Reached XP level 9. HP: 69/71 MP: 8/8
  4652 | D:7      | Reached skill level 14 in Axes
  4742 | D:7      | Reached ***** piety under Trog
  5278 | D:8      | Found a white marble altar of Elyvilon.
  5293 | D:8      | Reached skill level 15 in Axes
  5714 | D:8      | Received a gift from Trog
  5723 | D:8      | Reached skill level 16 in Axes
  5808 | D:8      | Killed an unseen horror
  6012 | D:8      | Noticed Maggie
  6019 | D:8      | Killed Maggie
  6020 | D:8      | Reached XP level 10. HP: 80/80 MP: 9/9
  6053 | D:8      | Found an opulent altar of Gozag.
  6356 | D:9      | Reached skill level 17 in Axes
  6791 | D:9      | Found a burning altar of Makhleb.
  6969 | D:9      | Found a flagged portal.
  6978 | Bailey   | Entered a bailey
  7125 | Bailey   | Noticed a gargoyle
  7132 | Bailey   | Killed a gargoyle
  7199 | Bailey   | Found the +5 Storm Queen's Shield {shock, Fly rElec}
  7213 | Bailey   | Identified the scarf "Kotrier" {repulsion, rElec rPois
                  | Will+ SInv}
  7303 | Bailey   | Reached skill level 18 in Axes
  7638 | D:9      | Found Zireol's Distillery.
  7918 | D:9      | Reached skill level 19 in Axes
  8072 | D:9      | Found a staircase to the Orcish Mines.
  8299 | D:10     | Entered Level 10 of the Dungeon
  8345 | D:10     | Noticed a two-headed ogre
  8355 | D:10     | Killed a two-headed ogre
  8361 | D:10     | Reached XP level 11. HP: 85/85 MP: 10/10
  8454 | D:10     | Found a staircase to the Lair.
  8471 | D:10     | Received a gift from Trog
  8472 | D:10     | Reached skill level 1 in Shields
  8683 | D:10     | Reached skill level 20 in Axes
  8839 | D:10     | Noticed a fire dragon
  8857 | D:10     | Killed a fire dragon
  8890 | D:10     | Noticed an orc knight
  8900 | D:10     | Killed an orc knight
  9140 | D:10     | Found an iron altar of Okawaru.
  9282 | D:10     | Identified a scroll of acquirement
  9282 | D:10     | Acquired the +5 war axe "Arbiter" {heavy, Fly rPois rCorr
                  | Int-3}
  9507 | D:11     | Noticed a two-headed ogre
  9510 | D:11     | Killed a two-headed ogre
  9579 | D:11     | Noticed a two-headed ogre
  9582 | D:11     | Reached skill level 21 in Axes
  9587 | D:11     | Killed a two-headed ogre
  9799 | D:11     | Noticed a two-headed ogre
  9808 | D:11     | Killed a two-headed ogre
 10276 | D:12     | Noticed a boulder beetle
 10484 | D:12     | Reached skill level 5 in Shields
 10484 | D:12     | Reached XP level 12. HP: 85/92 MP: 11/11
 10530 | D:12     | Killed a boulder beetle
 10530 | D:12     | Reached ****** piety under Trog
 10655 | D:12     | Reached skill level 22 in Axes
 10844 | D:12     | Identified the +4 battleaxe "Yxkobb" {heavy, *Slow rPois
                  | rC+++ rN+} (Trog gifted it to you on level 12 of the
                  | Dungeon)
 10844 | D:12     | Received a gift from Trog
 11102 | D:12     | Noticed Fannar
 11116 | D:12     | Killed Fannar
 11703 | Lair:1   | Entered Level 1 of the Lair of Beasts
 11703 | Lair:1   | Noticed a catoblepas
 11709 | Lair:1   | Killed a catoblepas
 12175 | Lair:1   | Found a shimmering altar of Xom.
 12186 | Lair:1   | Reached skill level 23 in Axes
 12290 | Lair:1   | Noticed a catoblepas
 12314 | Lair:1   | HP: 3/92 [catoblepas (6)]
 12316 | Lair:1   | Slain by a catoblepas

Illustrated notes

Levels and vault maps discovered:
D:1:      arrival_aquarium_b, layout_rooms, chequers_ecumenical_altar_island,
          minmay_indecisive_spiral
D:2:      layout_basic
D:3:      layout_rooms
D:4:      layout_gridville, doesnt_xom_only_xom, lemuel_tele_altar,
          mainiacjoe_overflow_surrounded_room, minmay_temple_entry_proselytizer
D:5:      layout_gridville, uniq_ijyb, uniq_eustachio
D:6:      layout_rooms, nicolae_dithmenos_the_darkroom
D:7:      layout_basic
D:8:      layout_rooms, elyvilon_altar_4, nicolae_gozag_seed_capital,
          uniq_maggie
D:9:      layout_basic, mainiacjoe_overflow_catwalk, david_orc_4, serial_shops,
          shop, enter_bailey_2
D:10:     layout_irregular_city, marbit_many_paths, david_lair_generic,
          minmay_misc_feat_doors, minmay_shattered_shrine
D:11:     layout_long_grid
D:12:     layout_basic, uniq_fannar
Lair:1:   layout_roguey, lemuel_oklob_altar, grunt_megastairs_4,
          serial_bayou_shore_b, serial_bayou_shore_a, lemuel_fruit_tree

Skill      XL: |  1  2  3  4  5  6  7  8  9 10 11 12 |
---------------+-------------------------------------+-----
Axes           | 4 5 7 8 11 13 16 19 21 23 | 23.0
Fighting       | 4 |  4.5
Armour         | 3 |  3.0
Shields        | 5 9 |  9.0
Dodging        | |  2.5
Stealth        | |  0.2

Action                     |  1- 3 |  4- 6 |  7- 9 | 10-12 || total
---------------------------+-------+-------+-------+-------++-------
  Melee: Hand axe          |    79 |   121 |    72 |       ||   272
         Headbutt          |    10 |    16 |    35 |    76 ||   137
         Battleaxe         |       |       |   141 |   170 ||   311
         Punch             |       |       |     1 |       ||     1
         War axe           |       |       |       |   232 ||   232
         Broad axe         |       |       |       |    16 ||    16
  Throw: Boomerang         |       |     1 |    14 |       ||    15
 Invoke: Berserk           |       |     1 |     3 |     7 ||    11
  Evoke: Wand              |       |       |       |     2 ||     2
    Use: Scroll            |       |       |    13 |     9 ||    22
         Potion            |       |       |       |     3 ||     3
 Armour: Ring mail         |    40 |       |       |       ||    40
         Animal skin       |     1 |       |       |       ||     1
         Scale mail        |       |    59 |    36 |       ||    95
         Plate armour      |       |       |   140 |   278 ||   418
  Dodge: Dodged            |    57 |    46 |    78 |   148 ||   329
         Repelled          |       |       |       |     2 ||     2
  Block: Kite shield       |       |       |       |   122 ||   122
